 Dungeon Crawl Stone Soup version 0.30-a0-622-gddc90eaa04 (webtiles) character file.

Game seed: 4380559572700248273

602 Newt the Ruffian (level 7, 0/54 HPs)
             Began as a Demonspawn Gladiator on Jan 10, 2023.
             Was a Follower of Qazlal.
             Slain by a gnoll
             ... wielding a +1 whip of flaming
             ... led by a gnoll sergeant
              (1 damage)
             ... on level 5 of the Dungeon.
             The game lasted 00:05:37 (4909 turns).

Newt the Ruffian (Demonspawn Gladiator)             Turns: 4909, Time: 00:05:37

Health: 0/54       AC: 18    Str: 16    XL:     7   Next: 18%
Magic:  7/7        EV:  0    Int: 10    God:    Qazlal [*.....]
Gold:   267        SH:  2    Dex: 17    Spells: 6/6 levels left

rFire   . . .      SeeInvis .    w - +0 dagger (venom)
rCold   + . .      Faith    .    (no shield)
rNeg    . . .      Spirit   .    y - +0 crystal plate armour
rPois   .          Reflect  .    c - +1 helmet
rElec   .          Harm     .    g - +1 cloak "Riod" {rC+ Dex+3}
rCorr   .          Rampage  .    (no gloves)
Will    .....                    (no boots) Stlth
                                 (no amulet)
HPRegen 0.29/turn                (no ring)
MPRegen 0.20/turn                (no ring)

@: mighty
A: claws 2, powered by pain 1, magic regeneration, weakness stinger 1
a: Renounce Religion


You were on level 5 of the Dungeon.
You worshipped Qazlal.
Qazlal was aware of your devotion.
You visited 1 branch of the dungeon, and saw 5 of its levels.

You collected 267 gold pieces.

Inventory:

Hand Weapons
 a - a +0 rapier
 p - a +0 arbalest
 r - a +3 dagger
 w - a +0 dagger of venom (weapon)
Missiles
 d - 2 throwing nets (quivered)
 e - a javelin
 m - 3 boomerangs
Armour
 b - a +0 leather armour
 c - a +1 helmet (worn)
 g - the +1 cloak "Riod" (worn) {rC+ Dex+3}
   (You found it on level 2 of the Dungeon)

   Dex:       It affects your dexterity (+3).
   rC:        It protects you from cold.
 j - a scarf of repulsion
 y - a +0 crystal plate armour (worn)
Jewellery
 t - a ring of resist corrosion
 u - an amulet of reflection
 x - a ring of poison resistance
Wands
 s - a wand of flame (7)
 A - a wand of polymorph (6)
 B - a wand of digging (8)
Scrolls
 h - a scroll of butterflies
 l - 3 scrolls of teleportation
 n - 3 scrolls of enchant armour
 z - a scroll of identify
 D - 2 scrolls of noise {unknown}
Potions
 f - a potion of lignification
 i - 2 potions of brilliance
 k - 2 potions of curing
 o - 2 potions of degeneration {unknown}
 q - 2 potions of might
 v - a potion of flight {unknown}
 C - a potion of haste {unknown}


   Skills:
 - Level 4.0 Fighting
 - Level 2.6 Short Blades
 - Level 1.7 Throwing
 - Level 2.6 Dodging
 - Level 2.0 Stealth
 + Level 5.8 Unarmed Combat


You had 6 spell levels left.
You didn't know any spells.
Your spell library contained the following spells:

 Spells                   Type           Power      Damage    Failure   Level
 Apportation              Tloc           0%         N/A       100%        1
 Foxfire                  Conj/Fire      0%         2x1d4     100%        1
 Magic Dart               Conj           0%         1d3       100%        1
 Necrotise                Necr           0%         1d4       100%        1
 Summon Small Mammal      Summ           0%         N/A       100%        1
 Searing Ray              Conj           0%         2d4       100%        2
 Fulminant Prism          Conj/Hex       0%         3d5       100%        4
 Fireball                 Conj/Fire      0%         3d3       100%        5
 Summon Forest            Summ/Tloc      0%         N/A       100%        5
 Eringya's Noxious Bog    Tmut/Pois      0%         N/A       100%        6
 Starburst                Conj/Fire      0%         6d3       100%        6
 Summon Hydra             Summ           0%         N/A       100%        7


Dungeon Overview and Level Annotations

Branches:
Dungeon (5/15)
 Temple: D:4-7

Altars:
Qazlal
Trog

Shops:
D:2 *


Innate Abilities, Weirdness & Mutations

You have very sharp fingernails.
You sometimes gain a little power by taking damage.
You regenerate magic rapidly.
You have a small tail.


Message History

You hit the ogre.
The ogre is poisoned.
The ogre is lightly wounded.
The ogre hits you with a +0 giant spiked club!
You hit the ogre. You tail-slap the ogre.
The ogre is heavily wounded.
The ogre completely misses you.
You hit the ogre but do no damage.
Your tail-slap misses the ogre.
The ogre is heavily wounded.
You barely miss the ogre.
Your tail-slap misses the ogre.
The ogre is heavily wounded.
The ogre hits you with a +0 giant spiked club!
You hit the ogre but do no damage.
The ogre looks as sick as possible!
The ogre is heavily wounded.
You barely miss the ogre. You tail-slap the ogre.
The ogre is heavily wounded.
The ogre hits you with a +0 giant spiked club.
You hit the ogre but do no damage.
The ogre looks as sick as possible!
The ogre is severely wounded.
The ogre hits you with a +0 giant spiked club!!
* * * LOW HITPOINT WARNING * * *
You focus on the pain.
You feel very mighty all of a sudden.
You puncture the ogre!
You kill the ogre!
Qazlal accepts your kill. The gnoll hits you with a +0 club.
* * * LOW HITPOINT WARNING * * *
The gnoll hits you but does no damage.
You see here a +0 giant spiked club.
You barely miss the gnoll. The gnoll hits you with a +0 club.
* * * LOW HITPOINT WARNING * * *
The gnoll hits you but does no damage.
You hit the gnoll.
The gnoll is poisoned.
The gnoll is heavily wounded.
The gnoll hits you with a +0 club.
* * * LOW HITPOINT WARNING * * *
The gnoll hits you with a +1 whip of flaming.
* * * LOW HITPOINT WARNING * * *
The gnoll burns you.
You die...

##.............
##.............
##............
##...........
##..#........
#..###...... #.
##..# #.[ ..
#..## . ..
##@#####.g.. ..
#.gg......<. #.
#...........
#.......######
#.#.###### # #.
##


You could see 2 gnolls.

Vanquished Creatures
  2 ogres (D:5)
  A scorpion (D:5)
  A jelly (D:5)
  3 hounds
  2 iguanas
  11 adders
  A shadow imp (D:4)
  A white imp (D:5)
  A worm (D:2)
  2 dart slugs
  9 orcs
  6 ball pythons
  3 bats
  3 endoplasms
  4 giant cockroaches
  9 goblins
  8 hobgoblins
  2 jackals (D:2)
  6 quokkas
  4 frilled lizards
  5 kobolds
  6 rats
90 creatures vanquished.

Notes
Turn   | Place    | Note
-------+----------+-------------------------------------------
     0 | D:1      | Newt the Demonspawn Gladiator began the quest for the Orb.
     0 | D:1      | Reached XP level 1. HP: 16/16 MP: 1/1
   189 | D:1      | Reached skill level 1 in Stealth
   297 | D:1      | Discovered your monstrous ancestry.
   297 | D:1      | Gained mutation: You have sharp fingernails. [demonic
                  | ancestry]
   297 | D:1      | Reached XP level 2. HP: 22/22 MP: 2/2
   900 | D:2      | Identified the +1 cloak "Riod" {rC+ Dex+3}
   977 | D:2      | Found a stormy altar of Qazlal.
   978 | D:2      | Found Rynaagul's Assorted Antiques.
   996 | D:2      | Reached XP level 3. HP: 19/28 MP: 3/3
  1012 | D:2      | Became a worshipper of Qazlal Stormbringer
  1376 | D:2      | Gained mutation: You have very sharp fingernails. [demonic
                  | ancestry]
  1376 | D:2      | Reached XP level 4. HP: 37/37 MP: 4/4
  1645 | D:3      | Found a bloodstained altar of Trog.
  1927 | D:3      | Reached skill level 1 in Unarmed Combat
  2773 | D:4      | Reached skill level 2 in Unarmed Combat
  2773 | D:4      | Gained mutation: You regenerate magic rapidly. [demonic
                  | ancestry]
  2773 | D:4      | Reached XP level 5. HP: 42/42 MP: 5/5
  2882 | D:4      | Reached * piety under Qazlal
  3072 | D:4      | Reached skill level 3 in Unarmed Combat
  3567 | D:4      | Gained mutation: You have a small tail. [demonic ancestry]
  3567 | D:4      | Reached XP level 6. HP: 39/48 MP: 6/6
  3882 | D:5      | Entered Level 5 of the Dungeon
  3926 | D:5      | Reached skill level 4 in Unarmed Combat
  4322 | D:5      | Reached skill level 5 in Unarmed Combat
  4748 | D:5      | Gained mutation: You sometimes gain a little power by
                  | taking damage. [demonic ancestry]
  4748 | D:5      | Reached XP level 7. HP: 48/54 MP: 7/7
  4909 | D:5      | HP: 1/54 [gnoll/+1 whip of flaming[a gnoll sergeant] (4)]
  4909 | D:5      | Slain by a gnoll

Illustrated notes

Levels and vault maps discovered:
D:1:      dpeg_arrival_oval, layout_basic, grunt_decor_clamped
D:2:      layout_basic, serial_shops, nicolae_shop_advertising_works
          [nicolae_subvault_shop_adworks], basic_altar, minmay_tetromino_t2
D:3:      layout_loops_ring, trog_butcher_becter
D:4:      layout_basic, kennysheep_dice
D:5:      layout_layer_cave

Skill      XL: |  1  2  3  4  5  6 |
---------------+-------------------+-----
Stealth        | 1 2 |  2.0
Fighting       | 3 4 |  4.0
Unarmed Combat | 2 3 5 |  5.8
Short Blades   | |  2.6
Throwing       | |  1.7
Dodging        | |  2.6

Action                   |  1- 3 |  4- 6 |  7- 9 || total
-------------------------+-------+-------+-------++-------
Melee: Rapier            |    69 |       |       ||    69
       Dagger            |       |   263 |    10 ||   273
       Punch             |       |     5 |       ||     5
       Tailslap          |       |    14 |     2 ||    16
 Fire: Arbalest          |    24 |     3 |       ||    27
Throw: Throwing net      |       |     3 |       ||     3
  Use: Scroll            |     5 |     6 |       ||    11
 Stab: Sleeping          |     3 |     2 |       ||     5
       Distracted        |     1 |       |       ||     1
Armor: Leather armour    |    26 |    76 |       ||   102
       Crystal plate arm |       |    29 |     2 ||    31
Dodge: Dodged            |    50 |   121 |     1 ||   172
Block: Other             |       |     5 |       ||     5

Table legend: (Time is in decaauts)
 A = Elapsed time spent in this place.
 B = Non-inter-level travel time spent in this place.
 C = Inter-level travel time spent in this place.
 D = Time resting spent in this place.
 E = Time spent auto-exploring this place.
 F = Levels seen in this place.
 G = Mean time per level.
                   A        B        C        D        E       F      G
               +--------+--------+--------+--------+--------+-----+--------+
         Total |   4900 |   4789 |    111 |    656 |   3362 |   5 |  980.0 |
       Dungeon |   4900 |   4789 |    111 |    656 |   3362 |   5 |  980.0 |
               +--------+--------+--------+--------+--------+-----+--------+

Top non-repeatable levels by time:
     D:4: 1155 daAuts
     D:3: 1121 daAuts
     D:5: 1015 daAuts
     D:1: 876 daAuts
     D:2: 730 daAuts
